 Dungeon Crawl Stone Soup version 0.27.1-2-g3b301248ec (webtiles) character file.

Game seed: 17650423875748657253

51 MisterFreud the Covered (level 3, 0/28 HPs)
             Began as a Gnoll Wanderer on Sept 27, 2021.
             Was a Follower of Sif Muna.
             Slain by an adder (3 damage)
             ... on level 2 of the Dungeon.
             The game lasted 00:02:35 (1659 turns).

MisterFreud the Covered (Gnoll Wanderer)            Turns: 1659, Time: 00:02:36

Health: 0/28       AC:  2    Str:  7    XL:     3   Next: 83%
Magic:  0/7        EV: 11    Int: 16    God:    Sif Muna [*.....]
Gold:   47         SH:  0    Dex: 11    Spells: 6/7 levels left

rFire    . . .     SeeInvis .   a - +0 hand axe
rCold    . . .     Faith    .   (no shield)
rNeg     . . .     Spirit   .   b - +0 robe
rPois    .         Reflect  .   (no helmet)
rElec    .         Harm     .   (no cloak)
rCorr    .         Rampage  .   (no gloves)
Will     .....                  (no boots)
Stlth    +.........             (no amulet)
HPRegen  0.09/turn              (no ring)
MPRegen  0.10/turn              (no ring)

@: very slightly contaminated
A: fangs 1, strong nose, distributed training
a: Renounce Religion, Channel Magic


You were on level 2 of the Dungeon.
You worshipped Sif Muna.
Sif Muna was aware of your devotion.
You visited 1 branch of the dungeon, and saw 2 of its levels.

You collected 47 gold pieces.

Inventory:

Hand Weapons
 a - a +0 hand axe (weapon)
Missiles
 g - 2 curare-tipped darts (quivered)
Armour
 b - a +0 robe (worn)
Scrolls
 e - 2 scrolls of identify {unknown}
 f - a scroll of vulnerability {unknown}
Potions
 c - 2 potions of flight {unknown}
 d - a potion of ambrosia {unknown}


   Skills:
 + Level 2.6 Fighting
 + Level 1.0 Short Blades
 + Level 1.0 Long Blades
 + Level 2.6 Axes
 + Level 1.0 Maces & Flails
 + Level 1.0 Polearms
 + Level 1.0 Staves
 + Level 1.0 Slings
 + Level 1.0 Bows
 + Level 1.0 Crossbows
 + Level 2.6 Throwing
 + Level 6.5 Armour
 + Level 1.0 Dodging
 + Level 1.0 Stealth
 + Level 2.6 Shields
 + Level 1.0 Unarmed Combat
 + Level 2.9 Spellcasting
 + Level 0.7 Conjurations
 + Level 0.7 Hexes
 + Level 0.7 Summonings
 + Level 0.7 Necromancy
 + Level 0.7 Translocations
 + Level 0.7 Transmutations
 + Level 0.7 Fire Magic
 + Level 0.7 Ice Magic
 + Level 2.1 Air Magic
 + Level 0.7 Earth Magic
 + Level 2.1 Poison Magic
 + Level 1.0 Invocations
 + Level 1.0 Evocations


You had 6 spell levels left.
You knew the following spells:

 Your Spells              Type           Power      Damage    Failure   Level
a - Sting                 Tmut/Pois      24%        1d4       11%         1

Your spell library contained the following spells:

 Spells                   Type           Power      Damage    Failure   Level
 Poisonous Vapours        Pois/Air       18%        N/A       12%         2
 Mephitic Cloud           Conj/Pois/Air  7%         N/A       28%         3
 Spider Form              Tmut/Pois      3%         N/A       30%         3
 Olgreb's Toxic Radiance  Pois           9%         N/A       61%         4


Dungeon Overview and Level Annotations

Branches:
Dungeon (2/15)

Altars:
Sif Muna


Innate Abilities, Weirdness & Mutations

You have very sharp teeth.
Your uncanny sense of smell can sniff out nearby items.
Your experience applies equally to all skills.


Message History

Casting: Sting (safe; 11% risk of failure)
Confirm with . or Enter, or press ? or * to list all spells.
You don't have enough magic to cast this spell.
Unknown command.
Unknown command.
You closely miss the adder.
The adder is lightly wounded.
The adder misses you. The adder barely misses you.
You barely miss the adder. Your bite misses the adder.
The adder is moderately wounded.
The adder barely misses you.
You miss the adder.
The adder is moderately wounded.
The adder closely misses you. The adder bites you.
You barely miss the adder.
The adder is moderately wounded.
The adder misses you.
You miss the adder.
The adder is heavily wounded.
The adder bites you. The adder barely misses you.
You miss the adder.
The adder is heavily wounded.
The adder bites you. x2
* * * LOW HITPOINT WARNING * * *
You miss the adder. Your bite misses the adder.
The adder is heavily wounded.
The adder looks more healthy.
The adder bites you.
* * * LOW HITPOINT WARNING * * *
Casting: Sting (safe; 11% risk of failure)
Confirm with . or Enter, or press ? or * to list all spells.
Aiming: Sting (safe; 11% risk of failure)
Press: ? - help, Shift-Dir - straight line, f/p - adder
Aim: an adder (heavily wounded, 48% to hit)
You miscast Sting.
Nothing appears to happen.
The adder bites you.
* * * LOW HITPOINT WARNING * * *
Unknown command.
The adder barely misses you.
You see here a rat corpse.
The adder bites you.
You die...

#.# ##.♣.# ..# ##.# #....#
.(# #..# #.#### ##.##
###.##### ########..#
#.......# .
#........#####.#####.##..
#.#####.................# #
##.##.#.##.#..#.....).#
#.#..........#.@#.##.#... #
#.##.##.#.####..S....#. .#.
##.......#♣♣♣♣♣♣♣♣.##.......#
#........♣♣♣.P..P♣†##.#....##
#.###.#....PP. ♣...##.#?.....
# ##.#..♣♣..♣ ♣♣♣...?.....#
#.##..#..♣♣♣♣♣ ♣.###...#....
#............ ... ....# .
#.##.##.###....... .#...#


You could see an adder.

Vanquished Creatures
  2 adders (D:2)
  5 endoplasms
  A giant cockroach (D:1)
  3 hobgoblins (D:1)
  4 jackals (D:1)
  3 kobolds (D:1)
  5 ball pythons (D:1)
  A bat (D:1)
  A goblin (D:1)
  5 rats
30 creatures vanquished.

Vanquished Creatures (others)
  A plant (D:2)
1 creature vanquished.

Grand Total: 31 creatures vanquished

Notes
Turn   | Place    | Note
-------+----------+-------------------------------------------
     0 | D:1      | MisterFreud the Gnoll Wanderer began the quest for the Orb.
     0 | D:1      | MisterFreud set off with the following items: a +0 hand
                  | axe, a +0 robe; and the following spells available to
                  | memorise: Sting, Poisonous Vapours, Mephitic Cloud, Spider
                  | Form, Olgreb's Toxic Radiance
     0 | D:1      | Reached XP level 1. HP: 17/17 MP: 4/4
     2 | D:1      | Learned a level 1 spell: Sting
   258 | D:1      | Reached XP level 2. HP: 22/23 MP: 3/5
   869 | D:1      | Reached XP level 3. HP: 28/28 MP: 5/7
  1311 | D:2      | Reached skill level 1 in Invocations
  1535 | D:2      | Found a faded altar of an unknown god.
  1568 | D:2      | Became a worshipper of Sif Muna the Loreminder
  1568 | D:2      | Reached * piety under Sif Muna
  1645 | D:2      | Reached skill level 1 in Short Blades
  1645 | D:2      | Reached skill level 1 in Long Blades
  1645 | D:2      | Reached skill level 1 in Maces & Flails
  1645 | D:2      | Reached skill level 1 in Polearms
  1645 | D:2      | Reached skill level 1 in Staves
  1645 | D:2      | Reached skill level 1 in Slings
  1645 | D:2      | Reached skill level 1 in Bows
  1645 | D:2      | Reached skill level 1 in Crossbows
  1645 | D:2      | Reached skill level 1 in Dodging
  1645 | D:2      | Reached skill level 1 in Stealth
  1645 | D:2      | Reached skill level 1 in Unarmed Combat
  1645 | D:2      | Reached skill level 1 in Evocations
  1659 | D:2      | Slain by an adder

Illustrated notes

Levels and vault maps discovered:
D:1:      lightli_iron_boxes, layout_loops_ring
D:2:      layout_loops_cross, serial_forest, infiniplex_forest_clump_large,
          infiniplex_forest_straight_4, infiniplex_forest_lined_4_way,
          infiniplex_forest_corner_2, infiniplex_forest_zigzag_1,
          infiniplex_forest_diagonal, shapermc_ecumenical_altar_totnotflames,
          uniq_robin

Skill      XL: |  1  2  3 |
---------------+----------+-----
Air Magic      | 2 |  2.1
Poison Magic   | 2 |  2.1
Invocations    | 1 |  1.0
Short Blades   | 1 |  1.0
Long Blades    | 1 |  1.0
Maces & Flails | 1 |  1.0
Polearms       | 1 |  1.0
Staves         | 1 |  1.0
Slings         | 1 |  1.0
Bows           | 1 |  1.0
Crossbows      | 1 |  1.0
Dodging        | 1 |  1.0
Stealth        | 1 |  1.0
Unarmed Combat | 1 |  1.0
Evocations     | 1 |  1.0
Fighting       | |  2.6
Axes           | |  2.6
Throwing       | |  2.6
Armour         | |  6.5
Shields        | |  2.6
Spellcasting   | |  2.9
Conjurations   | |  0.7
Hexes          | |  0.7
Summonings     | |  0.7
Necromancy     | |  0.7
Translocations | |  0.7
Transmutations | |  0.7
Fire Magic     | |  0.7
Ice Magic      | |  0.7
Earth Magic    | |  0.7

Action                   || total
-------------------------++-------
Melee: Hand axe          ||    54
 Cast: Sting             ||    44
Armor: Robe              ||     9
Dodge: Dodged            ||    56
